 Dungeon Crawl Stone Soup version 0.24.1-11-gbbbb2193e6 (webtiles) character file.

Game seed: 13780368609706907891, levelgen mode: deterministic

2841 Hugehornet the Changer (level 9, -6/79 HPs)
             Began as an Octopode Transmuter on May 13, 2020.
             Was a Believer of Cheibriados.
             Killed by divine providence
             ... invoked by an orc priest
              (12 damage)
             ... on level 7 of the Dungeon.
             The game lasted 00:23:08 (9825 turns).

Hugehornet the Changer (Octopode Transmuter)        Turns: 9825, Time: 00:23:09

Health: -6/79      AC: 24    Str: 18    XL:     9   Next: 74%
Magic:  3/17       EV:  2    Int: 25    God:    Cheibriados [**....]
Gold:   433        SH:  0    Dex: 23    Spells: 1/18 levels left

rFire    . . .     SeeInvis .     - Unarmed
rCold    . . .     Gourm    .   (no shield)
rNeg     + + +     Faith    .   (helmet currently unavailable)
rPois    +         Spirit   .   (no amulet)
rElec    .         Reflect  .   p - +3 ring of strength
rCorr    .         Harm     .   (no ring)
MR       .....     NoTele   +   (no ring)
Stlth    +++.......             (no ring)
HPRegen  0.23/turn              (no ring)
MPRegen  0.15/turn              (no ring)
                                (no ring)
                                (no ring)

@: agile, tree-form, very slightly contaminated, very slow
A: almost no armour, stealthy swim, (amphibious), 8 rings, (constrict 8)
a: Bend Time, Renounce Religion


You were on level 7 of the Dungeon.
You worshipped Cheibriados.
Cheibriados was pleased with you.
You were very hungry.
You were a tree.
You visited 1 branch of the dungeon, and saw 7 of its levels.

You collected 433 gold pieces.

Inventory:

Missiles
 a - 32 arrows
Jewellery
 p - a +3 ring of strength (left branch)
 s - an uncursed ring of fire
Wands
 e - a wand of polymorph (7)
 o - a wand of acid (8)
Scrolls
 b - 3 scrolls of teleportation
 d - a scroll of noise {unknown}
 i - 7 scrolls of remove curse
 k - a scroll of enchant armour {unknown}
 l - a scroll of enchant weapon
 m - a scroll of magic mapping
 n - a scroll of random uselessness {unknown}
 t - a scroll of amnesia
Potions
 f - a potion of curing
 g - 2 potions of flight
 h - a potion of resistance
 j - 3 potions of brilliance
 r - a potion of lignification
 u - a potion of might {unknown}
 v - a potion of berserk rage {unknown}
Comestibles
 c - 14 rations


   Skills:
 - Level 1.0 Fighting
 - Level 2.0 Dodging
 + Level 6.0 Unarmed Combat
 + Level 5.3 Spellcasting
 * Level 2.0 Hexes
 * Level 7.3 Transmutations
 - Level 6.0 Ice Magic
 - Level 3.8 Poison Magic
 - Level 3.0 Invocations


You had one spell level left.
You knew the following spells:

 Your Spells              Type           Power        Failure   Level  Hunger
a - Beastly Appendage     Tmut           #####.       1%          1    None
b - Sticks to Snakes      Tmut           #####...     1%          2    None
c - Spider Form           Tmut/Pois      ####......   2%          3    #......
d - Ice Form              Ice/Tmut       #####...     4%          4    ###....
e - Blade Hands           Tmut           #####.....   11%         5    #####..
f - Slow                  Hex            ###.....     5%          2    None

Your spell library contained the following spells:

 Spells                   Type           Power        Failure   Level  Hunger
 Corona                   Hex            ###....      3%          1    None
 Inner Flame              Hex/Fire       ##......     16%         3    #......
 Portal Projectile        Hex/Tloc       ##....       16%         3    #......
 Cause Fear               Hex            ###.......   34%         4    ###....
 Leda's Liquefaction      Hex/Erth       ##........   45%         4    ###....


Dungeon Overview and Level Annotations

Branches:
Dungeon (7/15)             Temple (0/1) D:7

Altars:
Cheibriados
Elyvilon
Kikubaaqudgha
Makhleb
Ru
Trog
Wu Jian
Zin
The Shining One

Shops:
D:5 :   D:6 [

Annotations:
D:7 exclusions: orc priest and orc warrior


Innate Abilities, Weirdness & Mutations

You cannot wear most types of armour.
You are very stealthy in the water. (Stealth+)
((You are amphibious.))
You can wear up to eight rings at the same time.
((You can use your tentacles to constrict eight enemies at once.))
((Your skin changes colour to match your surroundings (Stealth+).))
((Your rubbery body absorbs attacks. (AC +1, EV +1)))


Message History

The orc warrior is lightly wounded.
The orc warrior hits you but does no damage.
You hit the orc warrior.
The orc warrior is moderately wounded.
The orc warrior hits you but does no damage.
You hit the orc warrior.
The orc warrior is moderately wounded.
The orc priest hits you but does no damage.
The orc warrior hits you with a +0 hand axe.
* * * LOW HITPOINT WARNING * * *
You barely miss the orc priest.
The orc priest calls down the wrath of Beogh upon you.
Beogh smites you!
* * * LOW HITPOINT WARNING * * *
The orc warrior hits you but does no damage.
You hit the orc priest.
The orc priest is moderately wounded.
The orc priest calls down the wrath of Beogh upon you.
Beogh smites you!
You die...

##.....[.##
#.........# #####
#.........# #...#
#.........# #.☼)#
#.........# #÷(..
#.........# #####
##.......## ######
#...♣..>.(# ###.....
#..ooo$...# #.#..#..
#.........## #.......
#..........###.#.....
#..........$##.#.._..
##...........(.#.....
##..................
#[...............#.#
#................#.#


You could see an orc warrior, an orc priest and an orc.

Vanquished Creatures
  Pikel (D:5)
  Sigmund (D:2)
  A sky beast (D:5)
  An ice beast (D:3)
  5 ogres
  4 slaves
  A black bear (D:7)
  A big kobold (D:7)
  2 bullfrogs
  A scorpion (D:7)
  A howler monkey (D:4)
  4 crimson imps
  A centaur zombie (D:7)
  2 hounds (D:4)
  A centaur skeleton (D:6)
  An orc priest (D:7)
  2 orc wizards
  3 iguanas (D:6)
  7 worker ants
  A hound zombie (D:6)
  A hound skeleton (D:4)
  4 adders
  An ooze (D:4)
  4 adder skeletons
  An adder zombie (D:5)
  3 worms
  6 dart slugs
  4 leopard geckos
  12 orcs
  2 ball pythons (D:1)
  7 bats
  8 giant cockroaches
  7 hobgoblins
  15 jackals
  3 kobolds
  A quokka (D:5)
  3 frilled lizards
  7 goblins
  A leopard gecko skeleton (D:4)
  8 rats
139 creatures vanquished.

Vanquished Creatures (collateral kills)
  Harold (D:7)
  2 phantoms
  A wyvern skeleton (D:6)
  A goblin (D:3)
5 creatures vanquished.

Grand Total: 144 creatures vanquished

Notes
Turn   | Place    | Note
-------+----------+-------------------------------------------
     0 | D:1      | Hugehornet the Octopode Transmuter began the quest for the
                  | Orb.
     0 | D:1      | Reached XP level 1. HP: 13/13 MP: 3/3
   270 | D:1      | Reached XP level 2. HP: 18/18 MP: 3/5
   481 | D:1      | Learned a level 2 spell: Sticks to Snakes
   777 | D:1      | Reached skill level 3 in Transmutations
   791 | D:1      | Reached XP level 3. HP: 23/23 MP: 4/6
   796 | D:1      | Learned a level 3 spell: Spider Form
  1322 | D:2      | Reached skill level 1 in Poison Magic
  1704 | D:2      | Noticed Sigmund
  1816 | D:2      | Killed Sigmund
  1816 | D:2      | Reached XP level 4. HP: 10/28 MP: 0/8
  1816 | D:2      | Reached XP level 5. HP: 12/33 MP: 0/9
  1822 | D:2      | Learned a level 4 spell: Ice Form
  2392 | D:2      | Reached XP level 6. HP: 34/38 MP: 10/10
  2439 | D:2      | Found an ornate altar of the Wu Jian Council.
  2763 | D:3      | Noticed an ice beast
  2805 | D:3      | Killed an ice beast
  2805 | D:3      | Reached skill level 1 in Ice Magic
  3238 | D:3      | Found a glowing golden altar of the Shining One.
  3265 | D:3      | Found a burning altar of Makhleb.
  3267 | D:3      | Found a glowing silver altar of Zin.
  3267 | D:3      | Noticed an angel
  3268 | D:3      | Noticed a green death
  3687 | D:4      | Reached XP level 7. HP: 34/43 MP: 10/12
  3822 | D:4      | Reached skill level 4 in Transmutations
  4132 | D:4      | Found a snail-covered altar of Cheibriados.
  4143 | D:4      | Became a worshipper of Cheibriados the Contemplative
  4763 | D:5      | Entered Level 5 of the Dungeon
  5108 | D:5      | Reached XP level 8. HP: 39/48 MP: 11/14
  5189 | D:5      | Reached skill level 5 in Transmutations
  5385 | D:5      | Reached * piety under Cheibriados
  5560 | D:5      | Noticed Pikel
  5999 | D:5      | Reached skill level 5 in Unarmed Combat
  6381 | D:5      | Reached ** piety under Cheibriados
  6666 | D:5      | Killed Pikel
  6666 | D:5      | Reached skill level 6 in Transmutations
  6666 | D:5      | Reached skill level 5 in Ice Magic
  6934 | D:5      | Found Riodgh's Book Emporium.
  7279 | D:5      | Learned a level 5 spell: Blade Hands
  7320 | D:6      | Reached XP level 9. HP: 42/53 MP: 14/16
  7445 | D:6      | Reached skill level 1 in Invocations
  8315 | D:6      | Reached skill level 5 in Spellcasting
  8487 | D:6      | Found a white marble altar of Elyvilon.
  8645 | D:6      | Found Qaisaet's Antique Armour Boutique.
  8945 | D:7      | Noticed Harold
  9271 | D:7      | Found a staircase to the Ecumenical Temple.
  9278 | D:7      | Learned a level 2 spell: Slow
  9478 | D:7      | Found a white marble altar of Elyvilon.
  9499 | D:7      | Reached skill level 7 in Transmutations
  9559 | D:7      | Found a sacrificial altar of Ru.
  9569 | D:7      | Found an ancient bone altar of Kikubaaqudgha.
  9660 | D:7      | Found a bloodstained altar of Trog.
  9815 | D:7      | Killed Harold
  9825 | D:7      | Killed from afar by an orc priest

Levels and vault maps discovered:
D:1:      dpeg_arrival_ternary, layout_loops_ring
D:2:      wad_lake_hut, layout_basic, lemuel_coloured_pillars_altar,
          uniq_sigmund
D:3:      layout_basic, grunt_temple_overflow_order_and_chaos_2,
          lemuel_crystal_altar, first_ration, nrook_uturn,
          grunt_decor_one_mirror
D:4:      layout_basic, kennysheep_slug_shrine
D:5:      layout_cave_pods, serial_shops, nicolae_shop_trees, uniq_pikel
D:6:      layout_loops_ring, nicolae_overflow_crystal_walls, serial_shops,
          nicolae_shop_behind_doors
D:7:      layout_rooms, nicolae_ru_path_of_blood, lemuel_doored_altar,
          bloody_trog, temple_statues, basic_altar, st_stairs_8,
          grunt_ogre_cave, hangedman_minor_gate_pass, uniq_harold

Skill      XL: |  1  2  3  4  5  6  7  8  9 |
---------------+----------------------------+-----
Transmutations | 3 4 6 7 |  7.3
Poison Magic   | 3 |  3.8
Spellcasting   | 3 4 5 |  5.3
Unarmed Combat | 4 5 6 |  6.0
Ice Magic      | 2 3 5 6 |  6.0
Invocations    | 3 |  3.0
Hexes          | 2 |  2.0
Fighting       | |  1.0
Dodging        | |  2.0

Action                   |  1- 3 |  4- 6 |  7- 9 || total
-------------------------+-------+-------+-------++-------
Melee: Unarmed           |    81 |    82 |   262 ||   425
       Kick              |    22 |    13 |    58 ||    93
       Constrict         |    18 |    17 |    41 ||    76
       Tentacles         |    15 |     7 |    33 ||    55
       Punch             |     2 |       |     6 ||     8
 Cast: Beastly Appendage |    25 |    19 |    47 ||    91
       Spider Form       |     1 |     1 |    15 ||    17
       Sticks to Snakes  |       |     6 |    14 ||    20
       Ice Form          |       |       |     2 ||     2
       Blade Hands       |       |       |     1 ||     1
 Abil: End Transformatio |       |       |     3 ||     3
  Use: Scroll            |     6 |       |     6 ||    12
       Potion            |       |     3 |     4 ||     7
 Stab: Sleeping          |     7 |     5 |     4 ||    16
  Eat: Chunk             |     2 |     4 |    13 ||    19
       Ration            |       |     1 |       ||     1
Armor: Skin              |     9 |    16 |    17 ||    42
Dodge: Dodged            |    51 |    52 |   160 ||   263
